 Dungeon Crawl Stone Soup version 0.30.2 (webtiles) character file.

Game seed: 16023944934182229736

122 porpoise the Shooter (level 5, -3/42 HPs)
             Began as a Barachi Hunter on Mar 13, 2024.
             Slain by a scorpion (7 damage)
             ... on level 3 of the Dungeon.
             The game lasted 00:04:31 (1614 turns).

porpoise the Shooter (Barachi Hunter)               Turns: 1614, Time: 00:04:32

Health: -3/42      AC:  4    Str: 12    XL:     5   Next: 6%
Magic:  5/5        EV: 12    Int:  9    God:
Gold:   143        SH:  0    Dex: 18    Spells: 4/4 levels left

rFire   . . .        a - +0 shortbow
rCold   . . .        (shield currently unavailable)
rNeg    . . .        c - +0 leather armour
rPois   .            (no helmet)
rElec   .            p - +0 cloak
rCorr   .            (no gloves)
SInv    .            (no boots)
Will    .....        (no amulet)
Stlth   ++           o - ring of flight
HPRegen 0.27/turn    (no ring)
MPRegen 0.09/turn

%: no passive effects
@: lethally poisoned (-3 -> -15), flying, slow
A: amphibious, slowness 1, strong legs 1, +LOS
a: Hop


You were on level 3 of the Dungeon.
You visited 1 branch of the dungeon, and saw 3 of its levels.

You collected 143 gold pieces.

Inventory:

Hand Weapons
 a - a +0 shortbow (weapon)
Missiles
 t - 5 poisoned darts
 v - 4 silver javelins
Armour
 c - a +0 leather armour (worn)
 p - a +0 cloak (worn)
Jewellery
 j - a ring of wizardry
 o - a ring of flight (left hand)
Scrolls
 b - a scroll of immolation
 d - a scroll of enchant weapon {unknown}
 f - a scroll of fog
 g - a scroll of torment {unknown}
 h - a scroll of teleportation {unknown}
 i - a scroll of enchant armour {unknown}
 k - a scroll of poison {unknown}
 l - a scroll of silence {unknown}
 m - 2 scrolls of identify {unknown}
Potions
 e - a potion of attraction {unknown}
 n - 2 potions of curing {unknown}
 q - a potion of mutation {unknown}
 r - a potion of ambrosia {unknown}
 s - a potion of haste {unknown}
 u - a potion of resistance {unknown}


   Skills:
 + Level 3.6 Fighting
 * Level 5.2 Ranged Weapons
 - Level 2.1 Dodging
 + Level 2.3 Stealth


You had 4 spell levels left.
You didn't know any spells.
Your spell library contained the following spells:

 Spells                   Type           Power      Damage    Failure   Level
 Summon Small Mammal      Summ           0%         N/A       45%         1
 Call Canine Familiar     Summ           0%         N/A       83%         3
 Frozen Ramparts          Ice            0%         1d1       83%         3
 Summon Guardian Golem    Hex/Summ       0%         N/A       83%         3
 Ice Form                 Ice/Tmut       0%         N/A       99%         4
 Summon Ice Beast         Ice/Summ       0%         N/A       99%         4


Dungeon Overview and Level Annotations

Branches:
Dungeon (3/15)

Altars:


Innate Abilities, Weirdness & Mutations

You are amphibious.
You cover ground slowly.
You can hop short distances.
You have an extended range of vision and can be seen from far away.


Message History

You shoot an arrow.
The arrow hits the scorpion but does no damage.
The scorpion is lightly wounded.
The scorpion stings you.
You shoot an arrow. The arrow hits the scorpion.
The scorpion is heavily wounded.
The scorpion stings you.
You are poisoned.
The scorpion poisons you!
The scorpion stings you but does no damage.
You shoot an arrow.
The arrow hits the scorpion but does no damage.
The scorpion is heavily wounded.
You feel very sick. The scorpion stings you. x2
You are more poisoned.
The scorpion poisons you!
You shoot an arrow. The arrow closely misses the scorpion.
You feel very sick. The scorpion stings you.
You shoot an arrow. The arrow closely misses the scorpion.
You feel very sick. The scorpion stings you.
You are lethally poisoned!
The scorpion poisons you! The scorpion stings you.
You are too injured to fight recklessly!
You are too injured to fight recklessly!
Unknown command.
You are too injured to fight recklessly!
You shoot an arrow. The arrow hits the scorpion.
The scorpion is heavily wounded.
* * * LOW HITPOINT WARNING * * *
You feel very sick. The scorpion misses you.
You shoot an arrow. The arrow hits the scorpion.
The scorpion is severely wounded.
* * * LOW HITPOINT WARNING * * *
You feel very sick. The scorpion stings you!
You die...

#.# #.#
#.###############
#.....)....<.....
..........#####.........
....####..# #>######## #
#..# #.# #..# #.# #..#
#@# #......s.#
#.###.#### #.#.. #. #


You could see a scorpion.

Vanquished Creatures
  An orc priest (D:3)
  4 adders (D:2)
  A worm (D:2)
  A dart slug (D:1)
  4 orcs (D:3)
  4 bats
  4 endoplasms
  4 giant cockroaches
  5 goblins (D:1)
  3 hobgoblins (D:1)
  3 kobolds
  3 quokkas (D:1)
  2 ball pythons (D:1)
  3 frilled lizards
  6 rats
48 creatures vanquished.

Notes
Turn   | Place    | Note
-------+----------+-------------------------------------------
     0 | D:1      | porpoise the Barachi Hunter began the quest for the Orb.
     0 | D:1      | Reached XP level 1. HP: 17/17 MP: 1/1
    27 | D:1      | Reached skill level 1 in Stealth
    61 | D:1      | Reached XP level 2. HP: 23/23 MP: 2/2
   384 | D:1      | Reached XP level 3. HP: 28/28 MP: 3/3
  1081 | D:2      | Reached XP level 4. HP: 35/35 MP: 4/4
  1329 | D:2      | Reached skill level 5 in Ranged Weapons
  1464 | D:3      | Reached XP level 5. HP: 15/42 MP: 5/5
  1614 | D:3      | Slain by a scorpion

Illustrated notes

Levels and vault maps discovered:
D:1:      heliophobic_arrival_ceremonial_halls, layout_loops_ring,
          minmay_pentomino_r4
D:2:      layout_basic
D:3:      layout_loops_ring, mainiacjoe_overflow_paths,
          mainiacjoe_overflow_alcove_4, st_stairs_14, uniq_robin

Skill      XL: |  1  2  3  4 |
---------------+-------------+-----
Stealth        | 1 2 |  2.3
Fighting       | 3 |  3.6
Ranged Weapons | 5 |  5.2
Dodging        | |  2.1

Action                     |  1- 3 |  4- 6 || total
---------------------------+-------+-------++-------
   Fire: Shortbow          |    91 |    55 ||   146
    Use: Scroll            |     1 |       ||     1
 Armour: Leather armour    |    15 |    12 ||    27
  Dodge: Dodged            |    34 |    24 ||    58
